 Dungeon Crawl Stone Soup version 0.30.0-29-ga12c61a403 (webtiles) character file.

Game seed: 8392118427619242565

8381 Heoruswealwe the Eclecticist (level 11, -8/54 HPs)
             Began as a Deep Elf Earth Elementalist on June 24, 2023.
             Hit by a silver javelin thrown by Urug (19 damage)
             ... on level 10 of the Dungeon.
             The game lasted 01:12:11 (7595 turns).

Heoruswealwe the Eclecticist (DEEE)                 Turns: 7595, Time: 01:12:11

Health: -8/54      AC: 12    Str:  5    XL:     11   Next: 9%
Magic:  7/32       EV: 10    Int: 34    God:
Gold:   344        SH:  0    Dex: 24    Spells: 26/41 levels left

rFire   . . .        b - +3 short sword
rCold   . . .        (no shield)
rNeg    . . .        c - +4 robe of Gosasaig {Regen+ Dex+3}
rPois   .            g - +0 helmet
rElec   .            h - +1 cloak
rCorr   .            (no gloves)
SInv    .            e - +2 pair of boots
Will    +....        i - amulet of Ojuaceu {Acrobat Regen+ Int+3}
Stlth   +++          k - +6 ring of intelligence
HPRegen 1.89/turn    j - +6 ring of dexterity
MPRegen 0.23/turn

%: acrobat
@: grasped by roots, constricted
A: no striking features
a: no special abilities


You were on level 10 of the Dungeon.
You visited 2 branches of the dungeon, and saw 11 of its levels.

You collected 673 gold pieces.
You spent 329 gold pieces at shops.

Inventory:

Hand Weapons
 b - a +3 short sword (weapon)
 D - a +4 battleaxe
Armour
 c - the +4 robe of Gosasaig (worn) {Regen+ Dex+3}
   (You bought it in a shop on level 4 of the Dungeon)

   Dex:       It affects your dexterity (+3).
   Regen:     It increases your rate of health regeneration.
 e - a +2 pair of boots (worn)
 g - a +0 helmet (worn)
 h - a +1 cloak (worn)
 u - the +5 chain mail "Zalav" {+Inv Will+ Stlth-}
   (You found it on level 3 of the Dungeon)

   +Inv:      It lets you turn invisible.
   Will:      It increases your willpower.
   Stlth:     It makes you less stealthy.
Magical Staves
 l - a staff of conjuration
Jewellery
 i - the amulet of Ojuaceu (around neck) {Acrobat Regen+ Int+3}
   (You acquired it on level 9 of the Dungeon)

   [amulet of the acrobat]

   It increases your evasion while moving and waiting.
   Int:       It affects your intelligence (+3).
   Regen:     It increases your rate of health regeneration.
 j - a +6 ring of dexterity (right hand)
 k - a +6 ring of intelligence (left hand)
 A - a +5 ring of evasion
 J - a ring of poison resistance
Wands
 a - a wand of polymorph (11)
 o - a wand of roots (8)
Scrolls
 d - a scroll of enchant armour
 f - 3 scrolls of enchant weapon
 n - 2 scrolls of blinking
 p - 2 scrolls of amnesia
 s - 5 scrolls of teleportation
 t - a scroll of immolation
 w - a scroll of magic mapping
 x - a scroll of fog
 E - a scroll of fear
Potions
 m - 2 potions of flight {unknown}
 q - a potion of heal wounds {unknown}
 r - 2 potions of lignification {unknown}
 v - 2 potions of brilliance {unknown}
 y - 3 potions of mutation {unknown}
 z - 4 potions of curing {unknown}
 B - 2 potions of magic
 C - 2 potions of degeneration {unknown}
 G - a potion of berserk rage {unknown}
 H - a potion of haste
Miscellaneous
 F - a piece from Xom's chessboard (15/15)


   Skills:
 - Level 2.4 Dodging
 - Level 2.4 Stealth
 + Level 15.8 Spellcasting
 - Level 1.1 Transmutations
 + Level 13.6 Earth Magic


You had 26 spell levels left.
You knew the following spells:

 Your Spells              Type           Power      Damage    Failure   Level
a - Sandblast             Erth           100%       2d20      0%          1
b - Stone Arrow           Conj/Erth      100%       3d13      1%          3
c - Petrify               Tmut/Erth      67%        N/A       1%          4
d - Lee's Rapid Deconstr  Erth           44%        3d21*     1%          5
z - Passwall              Tmut/Erth      55%        N/A       1%          2

Your spell library contained the following spells:

 Spells                   Type           Power      Damage    Failure   Level
 Magic Dart               Conj           100%       1d8       1%          1
 Call Imp                 Summ           52%        N/A       2%          2
 Ensorcelled Hibernation  Hex/Ice        52%        N/A       2%          2
 Spider Form              Tmut/Pois      30%        N/A       3%          3
 Dazzling Flash           Conj/Hex       52%        N/A       4%          3
 Gell's Gravitas          Tloc           26%        N/A       4%          3
 Mephitic Cloud           Conj/Pois/Air  26%        N/A       4%          3
 Teleport Other           Tloc           26%        N/A       4%          3
 Volatile Blastmotes      Fire/Tloc      52%        2d14      4%          3
 Anguish                  Hex/Necr       13%        N/A       14%         4
 Fulminant Prism          Conj/Hex       13%        3d9       14%         4
 Iskenderun's Mystic Bla  Conj/Tloc      26%        2d7       14%         4
 Dispersal                Tloc           13%        N/A       92%         6
 Starburst                Conj/Fire      13%        6d5       92%         6


Dungeon Overview and Level Annotations

Branches:
Dungeon (10/15)            Temple (1/1) D:4            Lair (0/5) D:10
    Orc: D:9-12

Altars:
Ashenzari
Cheibriados
Dithmenos
Fedhas
Gozag
Hepliaklqana
Kikubaaqudgha
Makhleb
Nemelex Xobeh
Okawaru
Qazlal
Ru
Sif Muna
Trog
Uskayaw
Wu Jian
Xom
Yredelemnul
Zin
The Shining One

Shops:
D:1 (   D:4 *   D:6 ?   D:9 **

Annotations:
D:10 Urug


Message History

Casting: Stone Arrow (safe; 1% risk of failure)
Confirm with . or Enter, or press ? or * to list all spells.
Aiming: Stone Arrow (safe; 1% risk of failure)
Press: ? - help, Shift-Dir - straight line, f/p - Urug
Aim: Urug, wielding a +4 great mace of protection, wearing a +0 scale mail, quivering silver javelins and carrying a wand of roots (3) (lightly wounded, 72% to hit)
The stone arrow hits Urug!!
Urug is moderately wounded.
Urug throws a silver javelin.
The silver javelin closely misses you. The grasping roots constrict you.
Casting: Stone Arrow (safe; 1% risk of failure)
Confirm with . or Enter, or press ? or * to list all spells.
Aiming: Stone Arrow (safe; 1% risk of failure)
Press: ? - help, Shift-Dir - straight line, f/p - Urug
Aim: Urug, wielding a +4 great mace of protection, wearing a +0 scale mail, quivering silver javelins and carrying a wand of roots (3) (moderately wounded, 72% to hit)
The stone arrow hits Urug!!
Urug is severely wounded.
Urug throws a silver javelin.
The silver javelin pierces through you. The grasping roots constrict you.
The grasping roots release their grip on you.
Casting: Stone Arrow (safe; 1% risk of failure)
Confirm with . or Enter, or press ? or * to list all spells.
Aiming: Stone Arrow (safe; 1% risk of failure)
Press: ? - help, Shift-Dir - straight line, f/p - Urug
Aim: Urug, wielding a +4 great mace of protection, wearing a +0 scale mail, quivering silver javelins and carrying a wand of roots (3) (severely wounded, 72% to hit)
The stone arrow hits Urug!
Urug is almost dead.
Urug zaps a wand.
The roots erupt in riotous growth!
The grasping roots grab you! The grasping roots constrict you!
* * * LOW HITPOINT WARNING * * *
Casting: Stone Arrow (safe; 1% risk of failure)
Confirm with . or Enter, or press ? or * to list all spells.
Aiming: Stone Arrow (safe; 1% risk of failure)
Press: ? - help, Shift-Dir - straight line, f/p - Urug
Aim: Urug, wielding a +4 great mace of protection, wearing a +0 scale mail, quivering silver javelins and carrying a wand of roots (2) (severely wounded, 72% to hit)
The stone arrow hits Urug!
Urug is almost dead.
Urug throws a silver javelin.
The silver javelin pierces through you!!
You die...

#..........#
#..........#
#..........#
#..........#
.....o...#
...)...#
#)....#
#.@...#
#.....#
#.....#
#.....#
#.....#
######.#####
#......#
#......#
#.####.#


You could see Urug.

Vanquished Creatures
  Erolcha (D:9)
  2 two-headed ogres
  Pikel (D:7)
  Joseph (D:8)
  A gargoyle (D:10)
  Grinder (D:4)
  A vampire (D:9)
  10 yaks
  A wyvern (D:8)
  A water moccasin (D:7)
  Pargi (D:4)
  2 orc warriors (D:9)
  A black bear (D:5)
  2 ice beasts
  3 centaurs
  An ogre (D:5)
  A phantom (D:7)
  A kobold brigand (D:8)
  3 bullfrogs
  3 scorpions
  12 wights
  11 killer bees
  2 jellies
  A howler monkey (D:8)
  An electric eel (D:9)
  4 hounds
  3 orc priests
  4 iguanas
  Crazy Yiuf (D:7)
  A gnoll bouda (D:5)
  A sleepcap (D:5)
  8 orc wizards
  Robin (D:3)
  5 adders
  11 gnolls
  A shadow imp (D:7)
  3 worms
  4 dart slugs
  16 orcs
  4 bats (D:1)
  9 endoplasms
  4 giant cockroaches
  14 goblins
  8 hobgoblins
  9 jackals
  A quokka (D:5)
  6 ball pythons
  A frilled lizard (D:3)
  15 kobolds
  4 rats
203 creatures vanquished.

Notes
Turn   | Place    | Note
-------+----------+-------------------------------------------
     0 | D:1      | Heoruswealwe the Deep Elf Earth Elementalist began the
                  | quest for the Orb.
     0 | D:1      | Reached XP level 1. HP: 10/10 MP: 6/6
   123 | D:1      | Reached XP level 2. HP: 11/15 MP: 4/8
   130 | D:1      | Learned a level 2 spell: Passwall
   300 | D:1      | Found Lycac's Antique Weapon Shop.
   357 | D:1      | Found a faded altar of an unknown god.
   482 | D:1      | Reached skill level 4 in Spellcasting
   690 | D:2      | Reached XP level 3. HP: 19/19 MP: 8/10
   694 | D:2      | Learned a level 3 spell: Stone Arrow
  1242 | D:2      | You fall into a shaft and drop 2 floors!
  1242 | D:4      | Found a staircase to the Ecumenical Temple.
  1250 | Temple   | Entered the Ecumenical Temple
  1573 | D:3      | Noticed Robin
  1593 | D:3      | Killed Robin
  1594 | D:3      | Reached XP level 4. HP: 13/24 MP: 9/12
  1599 | D:3      | Learned a level 4 spell: Petrify
  1769 | D:3      | Reached skill level 5 in Spellcasting
  1849 | D:3      | Identified the +5 chain mail "Zalav" {+Inv Will+ Stlth-}
  2308 | D:3      | Found a blossoming altar of Fedhas.
  2425 | D:3      | Reached skill level 5 in Earth Magic
  2425 | D:3      | Reached XP level 5. HP: 28/28 MP: 8/14
  2732 | D:4      | Noticed Pargi
  2737 | D:4      | Killed Pargi
  2738 | D:4      | Reached skill level 6 in Spellcasting
  2765 | D:4      | Reached XP level 6. HP: 32/32 MP: 12/17
  2824 | D:4      | Found Ughuo's Assorted Antiques.
  2836 | D:4      | Bought a scroll of identify for 42 gold pieces
  2836 | D:4      | Bought a fuming puce potion for 18 gold pieces
  2836 | D:4      | Bought a dull robe for 119 gold pieces
  2836 | D:4      | Identified the +4 robe of Gosasaig {Regen+ Dex+3} (You
                  | bought it in a shop on level 4 of the Dungeon)
  2883 | D:4      | Noticed Grinder
  2888 | D:4      | Paralysed by Grinder for 4 turns
  2893 | D:4      | Killed Grinder
  2894 | D:4      | Reached skill level 7 in Spellcasting
  2923 | D:4      | Found a sparkling altar of Nemelex Xobeh.
  3001 | D:4      | Reached XP level 7. HP: 36/36 MP: 15/19
  3179 | D:5      | Entered Level 5 of the Dungeon
  3287 | D:5      | Reached skill level 8 in Spellcasting
  3367 | D:5      | Reached skill level 9 in Spellcasting
  3367 | D:5      | Reached XP level 8. HP: 36/41 MP: 8/23
  3733 | D:6      | Found Ydwotris's Magic Scroll Shoppe.
  3738 | D:6      | Bought a scroll of identify for 20 gold pieces
  3738 | D:6      | Bought a scroll of teleportation for 30 gold pieces
  3738 | D:6      | Bought a scroll of immolation for 40 gold pieces
  3738 | D:6      | Bought a scroll of fear for 40 gold pieces
  3738 | D:6      | Bought a scroll of identify for 20 gold pieces
  3966 | D:6      | Found a basalt altar of Yredelemnul.
  4602 | D:7      | Reached skill level 10 in Spellcasting
  4750 | D:7      | Found a runed translucent door.
  4751 | D:7      | Noticed Crazy Yiuf
  4756 | D:7      | Killed Crazy Yiuf
  4899 | D:7      | Found an ancient bone altar of Kikubaaqudgha.
  4899 | D:7      | Found a glowing silver altar of Zin.
  4949 | D:7      | Reached skill level 11 in Spellcasting
  5120 | D:7      | Noticed Pikel
  5124 | D:7      | Killed Pikel
  5125 | D:7      | Reached skill level 10 in Earth Magic
  5125 | D:7      | Reached XP level 9. HP: 45/45 MP: 19/26
  5426 | D:7      | Reached skill level 12 in Spellcasting
  5534 | D:8      | Reached skill level 13 in Spellcasting
  5541 | D:8      | Reached XP level 10. HP: 50/50 MP: 9/29
  5554 | D:8      | Found a broken altar of Ashenzari.
  5740 | D:8      | Found a shimmering altar of Xom.
  5861 | D:8      | Noticed Joseph
  5869 | D:8      | Killed Joseph
  5900 | D:8      | Found a sacrificial altar of Ru.
  6474 | D:9      | Found a shadowy altar of Dithmenos.
  6490 | D:9      | Reached skill level 14 in Spellcasting
  6588 | D:9      | Noticed Erolcha
  6601 | D:9      | Killed Erolcha
  6663 | D:9      | Found Sehupt's Specific Store.
  6706 | D:9      | Found Kupnapn's General Store.
  6806 | D:9      | Identified a scroll of acquirement
  6807 | D:9      | Acquired the amulet of Ojuaceu {Acrobat Regen+ Int+3}
  6864 | D:9      | Noticed a two-headed ogre
  6888 | D:9      | Killed a two-headed ogre
  6889 | D:9      | Reached skill level 15 in Spellcasting
  6939 | D:9      | Found a shimmering blue altar of Sif Muna.
  7414 | D:10     | Entered Level 10 of the Dungeon
  7447 | D:10     | Learned a level 5 spell: Lee's Rapid Deconstruction
  7498 | D:10     | Found a staircase to the Lair.
  7583 | D:10     | Noticed a gargoyle
  7585 | D:10     | Noticed a two-headed ogre
  7587 | D:10     | Noticed Urug
  7588 | D:10     | Killed a two-headed ogre
  7589 | D:10     | Reached XP level 11. HP: 54/54 MP: 29/32
  7595 | D:10     | Hit by a silver javelin thrown by Urug

Illustrated notes

Levels and vault maps discovered:
D:1:      sevenhm_arrival_forest_fort_large_4, layout_basic,
          hellmonk_ecumenical_altar_crossroads, serial_shops,
          nicolae_shop_back_alley_shop
D:2:      layout_loops_corners
D:3:      layout_basic, mainiacjoe_overflow_paths, uniq_robin
D:4:      layout_rooms, lemuel_tele_altar, minmay_temple_entry_drinking_statues,
          serial_shops, shop, kennysheep_generic_room_10, uniq_grinder,
          uniq_pargi
D:5:      layout_rooms
D:6:      layout_loops_corners, mainiacjoe_overflow_brackets, serial_shops,
          nicolae_shop_tiny_waterfront
D:7:      layout_basic, jmf_multi_god_temple, grunt_ministairs_3, uniq_pikel,
          uniq_crazy_yiuf_cottage
D:8:      layout_loops_corners, kennysheep_mini_moat,
          nicolae_ru_sacrificial_ziggurat, mainiacjoe_overflow_chevrons,
          uniq_joseph
D:9:      layout_irregular_city, nicolae_overflow_crystal_walls,
          grunt_dithmenos_smoke_and_mirrors, kennysheep_pointless_box,
          nicolae_specific_store, kennysheep_small_spiral, uniq_erolcha
D:10:     layout_irregular_city, gammafunk_temple_overflow_statue,
          lair_entry_dummy, zombieorc1_lemuel, uniq_urug
Temple:   dpeg_chambers_temple

Skill      XL: |  1  2  3  4  5  6  7  8  9 10 |
---------------+-------------------------------+-----
Spellcasting   | 4 5 6 7 9 11 13 15 | 15.8
Earth Magic    | 4 5 6 8 10 11 13 | 13.6
Dodging        | |  2.4
Stealth        | |  2.4
Transmutations | |  1.1

Action                     |  1- 3 |  4- 6 |  7- 9 | 10-12 || total
---------------------------+-------+-------+-------+-------++-------
  Melee: Short sword       |       |       |       |   105 ||   105
         Punch             |       |       |       |     4 ||     4
   Cast: Sandblast         |    62 |    48 |   130 |   102 ||   342
         Passwall          |     1 |       |     3 |       ||     4
         Stone Arrow       |       |     1 |     2 |    10 ||    13
         Petrify           |       |       |       |     2 ||     2
         Lee's Rapid Decon |       |       |       |     1 ||     1
    Use: Potion            |     2 |       |       |       ||     2
         Scroll            |       |     7 |     3 |     5 ||    15
 Armour: Robe              |     6 |     2 |    24 |    23 ||    55
         Animal skin       |       |     1 |       |       ||     1
  Dodge: Dodged            |    25 |     7 |    58 |    66 ||   156
